woodfighter, chaotic female human Barbarian ----- --------- |<..--- ------.......-- ------- |.....---|.........--..| |.....| --..|....|.---------|..| |.(_..| --.|-.....---- ---- |.....| --|.........|--- ----- ---)--- ----.|....|..----...-- |.| -----..|....|.....---- |.| |..|......%......---.- --......---...........----- |........|...|...........--- + ----....-------...---......-- ---...--...-- --[..|..---[..|.- .. ........|..--- --.....|-....|... .............-.---.-----..--......... ...{....----...............|u..`..... ...)... --+--.---------..@...i..-- ....... |.| --.......-- ..--- |.+ ---...--- --- ----- woodfighter the Bandit Experience level: 6 Strength: 18/01 Dexterity: 15 Constitution: 18 Intelligence: 7 Wisdom: 8 Charisma: 8 Health: 0(69) Energy: 17(17) Def: 12 Gold: 660 Moves: 2617 Dungeon seed: UAmeRhXu_PoPboIr Game ID: woodfighter_1445183067 Your Inventory: Coins $ - 660 gold pieces Weapons a - a +0 axe (weapon in hand) b - a +0 two-handed sword (alternate weapon; not wielded) O - 3 +0 daggers V - a cursed -1 dagger X - a +0 battle-axe Z - a +1 dagger Armor e - an uncursed +0 ring mail n - an uncursed +0 orcish helm r - an uncursed +0 dwarvish iron helm y - a blessed +3 dwarvish cloak K - a blessed +0 dwarvish iron helm (being worn) L - an uncursed +0 dwarvish mithril-coat (being worn) M - a blessed +2 pair of iron shoes (being worn) N - an uncursed +0 dwarvish cloak P - an uncursed +0 dwarvish cloak Q - an uncursed +0 pair of iron shoes S - an uncursed +0 dwarvish cloak T - an uncursed +0 dwarvish iron helm U - a cursed -1 pair of iron shoes W - an uncursed +0 dwarvish cloak Y - an uncursed +0 dwarvish cloak (being worn) Comestibles d - an uncursed sprig of wolfsbane p - 7 uncursed food rations G - an uncursed pizza Scrolls c - an uncursed scroll of confuse monster Wands k - a blessed wand of wishing (1:1) q - a wand of enlightenment (0:12) x - a wand of light (0:12) C - a wand of digging (0:4) Tools f - a cursed wax candle (0:400) g - an uncursed wax candle (0:400) w - an uncursed towel B - 5 uncursed tallow candles (0:200) D - 4 cursed tallow candles (0:200) Gems z - an uncursed luckstone Spells and supernatural/magical abilities: Name Level Category Fail Memory W - pray for help -- divine ? -- Your skills at the end: Miscellaneous Skills bare handed combat [Basic] Weapon Skills axe [Basic] two-handed sword [Basic] Spellcasting Skills Final Attributes: You were piously aligned. You were poison resistant. You were lucky. You had extra luck. Bad luck did not time out for you. Good luck did not time out for you. You are dead. Vanquished creatures: a winter wolf cub a lynx 4 gnome lords a ghoul 2 little dogs 7 dwarves 3 rothes an orc zombie a gas spore 2 hobbits 2 geckos a hobgoblin a giant rat 2 cave spiders a brown mold a yellow mold a green mold 17 gnomes a jackal a fox 7 newts 3 goblins 5 sewer rats 6 grid bugs 3 lichens 3 kobold zombies 78 creatures vanquished. Voluntary challenges: You did not adorn yourself with jewelry or accessories. You had been an atheist until turn 2226. You used a wielded weapon 97 times, starting on turn 2. You did not apply a unicorn horn. You were illiterate. You never genocided any monsters. You never polymorphed an object. You never changed form. You used no wishes. You never split a pudding. You never wrote Elbereth's name. You never violated your personal moral code. Dungeon overview: The Dungeons of Doom: levels 1 to 5 Level 1 (vault) a long staircase Level 2 a potion shop Level 3 a fountain Level 4 stairs to The Gnomish Mines Level 5 The Gnomish Mines: levels 5 to 8 Level 5 stairs to The Dungeons of Doom Level 6 Level 7 Level 8 <- You were here a temple to Mitra, a magic chest, a fountain History has recorded: On T:1 you entered the Dungeons of Doom to retrieve the Amulet of Yendor! On T:300 you advanced to experience level 2. On T:430 you reached level 2 of The Dungeons of Doom. On T:737 you reached level 3 of The Dungeons of Doom. On T:794 you advanced to experience level 3. On T:1337 you reached level 4 of The Dungeons of Doom. On T:1641 you advanced to experience level 4. On T:1650 you reached level 1 of The Gnomish Mines. On T:1786 you reached level 5 of The Dungeons of Doom. On T:1940 you advanced to experience level 5. On T:2024 you reached level 2 of The Gnomish Mines. On T:2166 you reached level 4 of The Gnomish Mines. On T:2222 you entered the Minetown temple On T:2297 you opened a magic chest. On T:2298 you opened a magic chest. On T:2305 you opened a magic chest. On T:2333 you advanced to experience level 6. On T:2471 you reached level 3 of The Gnomish Mines. Score breakdown: Gold: 660 ( 66 points) Experience: 6 levels ( 500 points) Exploration: 8 levels ( 210 points) Discoveries: 0 items ( 0 points) Variety of kills: 26 monsters ( 1300 points) Major goal: reached Minetown ( 500 points) Survival: died (score multiplied by 3) Total score: 7728 Latest messages: The lynx claws you! The lynx misses. You put an uncursed scroll labeled PRATYAVAYAH into the magic chest. You put an uncursed scroll labeled ANDOVA BEGARIN into the magic chest. You put an uncursed dark blue spellbook into the magic chest. You put an uncursed pink potion into the magic chest. You put an uncursed emerald potion into the magic chest. You put 2 uncursed dark potions into the magic chest. You put an uncursed orange potion into the magic chest. You put an uncursed cyan potion into the magic chest. You put an uncursed smoky potion into the magic chest. You put a blessed cyan potion into the magic chest. You put a cursed bronze ring into the magic chest. You put an uncursed violet gem into the magic chest. You put 2 uncursed white gems into the magic chest. You have a little trouble lifting j - an uncursed scroll labeled RATSANOPU. You have a little trouble lifting s - an uncursed scroll labeled VE FORBRYDERNE. You have a little trouble lifting h - a cursed scroll labeled ZELGO MER. You have a little trouble lifting H - an uncursed dark blue spellbook. You have a little trouble lifting J - a blessed cyan potion. You have a little trouble lifting E - an uncursed cyan potion. You have a little trouble lifting u - 2 uncursed dark potions. You have a little trouble lifting m - an uncursed emerald potion. The white unicorn butts! The white unicorn misses. (2x) The white unicorn kicks! You die... Final status: Goodbye woodfighter the Barbarian, killed by a white unicorn... You died in The Gnomish Mines on dungeon level 8 with 7728 points, and 660 pieces of gold, after 2617 moves. You were level 6 with a maximum of 69 hit points when you died.